 Dungeon Crawl Stone Soup version 0.28.0-43-g3370ac3207 (webtiles) character file.

Game seed: 4081609173714931364

71 Ablot the Grasshopper (level 4, -3/38 HPs)
             Began as a Gnoll Warper on Mar 2, 2022.
             Slain by an orc priest
             ... wielding a +0 vorpal hand axe
              (6 damage)
             ... on level 2 of the Dungeon.
             The game lasted 00:02:09 (2194 turns).

Ablot the Grasshopper (Gnoll Warper)                Turns: 2194, Time: 00:02:09

Health: -3/38      AC:  3    Str: 12    XL:     4   Next: 24%
Magic:  11/11      EV: 13    Int: 12    God:
Gold:   110        SH:  0    Dex: 12    Spells: 11/13 levels left

rFire   . . .      SeeInvis .   a - +0 spear
rCold   . . .      Faith    .   (no shield)
rNeg    . . .      Spirit   .   b - +0 leather armour
rPois   .          Reflect  .   (no helmet)
rElec   .          Harm     .   (no cloak)
rCorr   .          Rampage  .   (no gloves)
Will    .....                   (no boots)
Stlth   +.........              (no amulet)
HPRegen 0.12/turn               (no ring)
MPRegen 0.12/turn               (no ring)

@: no status effects
A: fangs 1, strong nose, distributed training
a: no special abilities


You were on level 2 of the Dungeon.
You visited 1 branch of the dungeon, and saw 3 of its levels.

You collected 110 gold pieces.

Inventory:

Hand Weapons
 a - a +0 spear (weapon)
 e - a +0 hunting sling
Missiles
 d - 5 boomerangs of dispersal (quivered)
 g - 26 arrows
 l - 40 bolts
 n - 2 stones
Armour
 b - a +0 leather armour (worn)
Scrolls
 c - a scroll of blinking
 j - a scroll of brand weapon {unknown}
Potions
 f - a potion of brilliance {unknown}
 h - 2 potions of heal wounds {unknown}
 i - a potion of might {unknown}
 k - a potion of curing {unknown}
 m - a potion of degeneration {unknown}


   Skills:
 + Level 4.6 Fighting
 + Level 1.1 Short Blades
 + Level 1.1 Long Blades
 + Level 1.1 Axes
 + Level 1.1 Maces & Flails
 + Level 4.6 Polearms
 + Level 1.1 Staves
 + Level 1.1 Slings
 + Level 1.1 Bows
 + Level 1.1 Crossbows
 + Level 2.7 Throwing
 + Level 2.7 Armour
 + Level 4.6 Dodging
 + Level 1.1 Stealth
 + Level 1.1 Shields
 + Level 1.1 Unarmed Combat
 + Level 5.0 Spellcasting
 + Level 0.8 Conjurations
 + Level 0.8 Hexes
 + Level 0.8 Summonings
 + Level 0.8 Necromancy
 + Level 5.4 Translocations
 + Level 0.8 Transmutations
 + Level 0.8 Fire Magic
 + Level 0.8 Ice Magic
 + Level 0.8 Air Magic
 + Level 0.8 Earth Magic
 + Level 0.8 Poison Magic
 + Level 1.2 Invocations
 + Level 1.1 Evocations


You had 11 spell levels left.
You knew the following spells:

 Your Spells              Type           Power      Damage    Failure   Level
a - Blink                 Tloc           32%        N/A       4%          2

Your spell library contained the following spells:

 Spells                   Type           Power      Damage    Failure   Level
 Gell's Gravitas          Tloc           16%        N/A       8%          3
 Lesser Beckoning         Tloc           16%        N/A       8%          3
 Teleport Other           Tloc           16%        N/A       8%          3
 Manifold Assault         Tloc           16%        N/A       58%         5


Dungeon Overview and Level Annotations

Branches:
Dungeon (3/15)

Altars:


Innate Abilities, Weirdness & Mutations

You have very sharp teeth.
Your uncanny sense of smell can sniff out nearby items.
Your experience applies equally to all skills.


Message History

Aim: an orc priest, wielding a +0 vorpal hand axe and wearing a +0 chain mail (about 29% to evade your +0 spear)
You reach to attack!
You hit the orc priest but do no damage.
The orc priest calls down the wrath of Beogh upon you.
Beogh smites you!
You climb upwards.
There is a stone staircase leading down here.
You hit the orc priest but do no damage.
Your punch misses the orc priest.
You hit the orc priest but do no damage.
The orc priest barely misses you.
You barely miss the orc priest.
The orc priest hits you with a +0 vorpal hand axe.
You closely miss the orc priest.
You bite the orc priest, but do no damage.
The orc priest looks satisfied for a moment.
You closely miss the orc priest.
The orc priest hits you with a +0 vorpal hand axe.
You hit the orc priest. Your bite misses the orc priest.
The orc priest is lightly wounded.
The orc priest hits you but does no damage.
You hit the orc priest.
The orc priest is moderately wounded.
The orc priest hits you with a +0 vorpal hand axe.
* * * LOW HITPOINT WARNING * * *
You hit the orc priest but do no damage.
The orc priest is moderately wounded.
The orc priest closely misses you.
You hit the orc priest but do no damage.
The orc priest is moderately wounded.
You closely miss the orc priest.
You bite the orc priest, but do no damage.
The orc priest is moderately wounded.
The orc priest calls down the wrath of Beogh upon you.
Beogh smites you!
* * * LOW HITPOINT WARNING * * *
You hit the orc priest but do no damage.
The orc priest is moderately wounded.
The orc priest hits you with a +0 vorpal hand axe.
You die...

########## #########
#........###........
######.......†'..........
#.............##.........
#.............##.........
#........#######........#
#........###....##)#....#
##........##....##.......
#......@..+.............
#.......o##....####.....
#..).....##....# #.....
#........##....####.....
#........##.........###.
#........###.......÷....
#....##.............)...
#....##.................
#....##.>....#..........


You could see an orc priest.

Vanquished Creatures
  An adder (D:2)
  2 dart slugs (D:2)
  A ball python (D:2)
  8 endoplasms
  6 goblins
  7 hobgoblins
  7 jackals (D:1)
  4 quokkas
  3 bats
  A frilled lizard (D:2)
  4 kobolds
  6 rats
50 creatures vanquished.

Notes
Turn   | Place    | Note
-------+----------+-------------------------------------------
     0 | D:1      | Ablot the Gnoll Warper began the quest for the Orb.
     0 | D:1      | Reached XP level 1. HP: 20/20 MP: 6/6
   225 | D:1      | Reached XP level 2. HP: 26/26 MP: 7/7
   228 | D:1      | Learned a level 2 spell: Blink
   775 | D:1      | Reached XP level 3. HP: 17/31 MP: 9/9
   791 | D:1      | Reached skill level 5 in Spellcasting
  1253 | D:2      | Reached skill level 1 in Invocations
  1647 | D:2      | Reached skill level 1 in Short Blades
  1647 | D:2      | Reached skill level 1 in Long Blades
  1647 | D:2      | Reached skill level 1 in Axes
  1647 | D:2      | Reached skill level 1 in Maces & Flails
  1647 | D:2      | Reached skill level 1 in Staves
  1647 | D:2      | Reached skill level 1 in Slings
  1647 | D:2      | Reached skill level 1 in Bows
  1647 | D:2      | Reached skill level 1 in Crossbows
  1647 | D:2      | Reached skill level 1 in Stealth
  1647 | D:2      | Reached skill level 1 in Shields
  1647 | D:2      | Reached skill level 1 in Unarmed Combat
  1647 | D:2      | Reached skill level 1 in Evocations
  1847 | D:2      | Found a faded altar of an unknown god.
  1906 | D:2      | Reached XP level 4. HP: 38/38 MP: 11/11
  2194 | D:2      | Slain by an orc priest

Illustrated notes

Levels and vault maps discovered:
D:1:      lemuel_arrival_funnel, layout_basic, minmay_misc_feat_tiny,
          corexii_corridor_pit
D:2:      minmay_spotlight, layout_basic, shapermc_ecumenical_altar_mp_highgroup
D:3:      layout_rooms, grunt_temple_overflow_lords_of_destruction

Skill      XL: |  1  2  3 |
---------------+----------+-----
Spellcasting   | 5 |  5.0
Invocations    | 1 |  1.2
Short Blades   | 1 |  1.1
Long Blades    | 1 |  1.1
Axes           | 1 |  1.1
Maces & Flails | 1 |  1.1
Staves         | 1 |  1.1
Slings         | 1 |  1.1
Bows           | 1 |  1.1
Crossbows      | 1 |  1.1
Stealth        | 1 |  1.1
Shields        | 1 |  1.1
Unarmed Combat | 1 |  1.1
Evocations     | 1 |  1.1
Fighting       | |  4.6
Polearms       | |  4.6
Throwing       | |  2.7
Armour         | |  2.7
Dodging        | |  4.6
Conjurations   | |  0.8
Hexes          | |  0.8
Summonings     | |  0.8
Necromancy     | |  0.8
Translocations | |  5.4
Transmutations | |  0.8
Fire Magic     | |  0.8
Ice Magic      | |  0.8
Air Magic      | |  0.8
Earth Magic    | |  0.8
Poison Magic   | |  0.8

Action                   |  1- 3 |  4- 6 || total
-------------------------+-------+-------++-------
Melee: Spear             |   159 |    38 ||   197
       Bite              |     9 |     3 ||    12
       Punch             |     2 |     1 ||     3
 Stab: Sleeping          |     1 |     1 ||     2
Armor: Leather armour    |    22 |     2 ||    24
Dodge: Dodged            |    88 |     7 ||    95
